 Dungeon Crawl Stone Soup version 0.31-a0-179-g1846a1fd2d (webtiles) character file.

Game seed: 662952509633947493

57 qw the Shooter (level 4, -2/39 HPs)
             Began as a Naga Hunter on June 18, 2023.
             Slain by an orc
             ... wielding a +0 flail
              (8 damage)
             ... on level 3 of the Dungeon.
             The game lasted 00:00:31 (1637 turns).

qw the Shooter (Naga Hunter)                        Turns: 1637, Time: 00:00:32

Health: -2/39      AC:  5    Str: 13    XL:     4   Next: 0%
Magic:  4/4        EV:  8    Int: 10    God:
Gold:   88         SH:  0    Dex: 16    Spells: 3/3 levels left

rFire   . . .        Y - +0 shortbow
rCold   + . .        (shield currently unavailable)
rNeg    . . .        i - +1 ring mail {rC+}
rPois   +            (no helmet)
rElec   .            (no cloak)
rCorr   .            b - +0 pair of gloves
SInv    +            (no barding)
Will    .....        c - amulet of faith
Stlth   +            (no ring)
HPRegen 0.26/turn    (no ring)
MPRegen 0.09/turn

%: faith
@: very slow
A: AC +1, large, see invisible, deformed body, poison resistance, slowness 2,
spit poison 1, naga tail 1
a: Spit Poison


You were on level 3 of the Dungeon.
You visited 1 branch of the dungeon, and saw 3 of its levels.

You collected 88 gold pieces.


Innate Abilities, Weirdness & Mutations

Your serpentine skin is tough. (AC +1)
You have supernaturally acute eyesight. (SInv)
Armour fits poorly on your strangely shaped body.
Your system is resistant to poisons. (rPois)
You cover ground very slowly.
You can spit poison.
You have a snake-like lower body.


   Skills:
 + Level 2.0 Fighting
 - Level 5.0 Ranged Weapons
 - Level 1.5 Dodging
 - Level 1.5 Stealth


You had 3 spell levels left.
You didn't know any spells.
Your spell library was empty.

Inventory:

Hand Weapons
 Y - a +0 shortbow (weapon)
Armour
 b - a +0 pair of gloves (worn)
 i - a +1 ring mail of cold resistance (worn)
Jewellery
 c - an amulet of faith (around neck)
Scrolls
 d - a scroll of teleportation {unknown}
Potions
 a - a potion of haste
 e - a potion of magic {unknown}
 f - a potion of invisibility {unknown}
 g - 2 potions of lignification {unknown}
 h - a potion of might {unknown}
 j - 2 potions of curing {unknown}
 k - a potion of berserk rage {unknown}
 l - 2 potions of cancellation

Dungeon Overview and Level Annotations

Branches:
Dungeon (3/15)

Altars:


Message History

The arrow hits the orc but does no damage.
The orc is heavily wounded.
The orc barely misses you. The orc hits you with a +0 dagger.
You shoot an arrow. The arrow hits the orc!
You kill the orc!
The orc hits you but does no damage.
The orc hits you with a +1 mace of protection.
The orc hits you with a +0 dagger.
An orc comes into view. It is wielding a +0 flail.
You shoot an arrow.
The arrow hits the orc but does no damage.
You have got your breath back.
The orc hits you but does no damage.
The orc hits you with a +1 mace of protection.
1633 ||| INVOKING Spit Poison.
Aiming: Spit Poison (2% risk of failure)
Press: ? - help, Shift-Dir - straight line, f/p - orc The splash of poison hits the orc!
The orc is poisoned.
You kill the orc!
The orc barely misses you.
Your Ranged Weapons skill increases to level 5!
You have reached level 4!
You feel clever.
You shoot an arrow. The arrow hits the orc.
The orc is moderately wounded.
The orc hits you with a +1 mace of protection.
The orc hits you with a +0 flail.
You shoot an arrow.
The arrow hits the orc but does no damage.
The orc is moderately wounded.
The orc hits you but does no damage. The orc hits you with a +0 flail.
You shoot an arrow. The arrow hits the orc.
The orc is heavily wounded.
The orc hits you but does no damage. x2
The orc hits you with a +1 mace of protection.
The orc hits you with a +0 flail!
You shoot an arrow. The arrow barely misses the orc.
You have got your breath back.
The orc hits you with a +1 mace of protection.
The orc hits you with a +0 flail!
You die...

##.......## #.#.##
##. ##.....##
#.### #. ##...##
#.. #. ######'##
#.. #. #.......#
## #. #.####..###
# #. #......#
#.##. #.
###..#.#####......
#. ####....@o...#
#. ######o.### #.#
.# #


You could see 2 orcs.

Vanquished Creatures
  An adder (D:2)
  2 dart slugs
  4 orcs (D:3)
  3 bats
  5 endoplasms
  A giant cockroach (D:2)
  3 goblins
  4 hobgoblins
  2 jackals (D:2)
  3 quokkas
  3 ball pythons
  A frilled lizard (D:1)
  A kobold (D:2)
  2 rats (D:2)
35 creatures vanquished.

Notes
Turn   | Place    | Note
-------+----------+-------------------------------------------
     0 | D:1      | qw the Naga Hunter began the quest for the Orb.
     0 | D:1      | Reached XP level 1. HP: 19/19 MP: 1/1
     0 | D:1      | 0 ||| qw: Version: 0.3-a-7-ge0c9b40
     0 | D:1      | 0 ||| qw: Game counter: 882
     0 | D:1      | 0 ||| qw: Always use a shield: true
     0 | D:1      | 0 ||| qw: God list: Okawaru
     0 | D:1      | 0 ||| qw: Allow faded altars: false
     0 | D:1      | 0 ||| qw: Do Orc after D:15 true
     0 | D:1      | 0 ||| qw: Do second Lair branch before Depths: true
     0 | D:1      | 0 ||| qw: Lair rune preference: random
     0 | D:1      | 0 ||| qw: Plans: Normal
     0 | D:1      | 0 ||| PLANNING D:1-11
    38 | D:1      | 38 ||| INVOKING Spit Poison.
    57 | D:1      | 57 ||| INVOKING Spit Poison.
   105 | D:1      | 105 ||| INVOKING Spit Poison.
   110 | D:1      | 110 ||| INVOKING Spit Poison.
   111 | D:1      | Reached skill level 4 in Ranged Weapons
   111 | D:1      | Reached XP level 2. HP: 25/26 MP: 2/2
   171 | D:1      | 171 ||| INVOKING Spit Poison.
   172 | D:1      | 172 ||| INVOKING Spit Poison.
   214 | D:1      | 214 ||| INVOKING Spit Poison.
   269 | D:1      | 269 ||| INVOKING Spit Poison.
   393 | D:1      | 393 ||| INVOKING Spit Poison.
   536 | D:1      | 536 ||| UPGRADING to +1 ring mail of cold resistance.
   546 | D:1      | 546 ||| DROPPING +0 leather armour.
   547 | D:1      | 547 ||| READING scroll labelled GISEBO HUROTIO.
   548 | D:1      | 548 ||| READING scroll labelled IZOAMPAKIE.
   597 | D:1      | 597 ||| READING scroll labelled SANAUT UTIODGHO.
   598 | D:1      | 598 ||| DROPPING scroll of butterflies.
   647 | D:2      | 647 ||| INVOKING Spit Poison.
   651 | D:2      | 651 ||| INVOKING Spit Poison.
   655 | D:2      | 655 ||| INVOKING Spit Poison.
   692 | D:2      | 692 ||| INVOKING Spit Poison.
   706 | D:2      | 706 ||| INVOKING Spit Poison.
   719 | D:2      | 719 ||| INVOKING Spit Poison.
   724 | D:2      | 724 ||| INVOKING Spit Poison.
   727 | D:2      | Reached XP level 3. HP: 25/32 MP: 3/3
   803 | D:2      | 803 ||| INVOKING Spit Poison.
   930 | D:2      | 930 ||| INVOKING Spit Poison.
   997 | D:2      | 997 ||| INVOKING Spit Poison.
  1008 | D:2      | 1008 ||| INVOKING Spit Poison.
  1013 | D:2      | 1013 ||| INVOKING Spit Poison.
  1181 | D:2      | 1181 ||| INVOKING Spit Poison.
  1192 | D:2      | 1192 ||| INVOKING Spit Poison.
  1195 | D:2      | 1195 ||| INVOKING Spit Poison.
  1221 | D:2      | 1221 ||| UPGRADING to +0 pair of gloves.
  1226 | D:2      | 1226 ||| UPGRADING to amulet of faith.
  1231 | D:2      | 1231 ||| READING scroll labelled HUSONW UQOGUZU.
  1232 | D:2      | 1232 ||| DRINKING 2 murky orange potions.
  1233 | D:2      | 1233 ||| DRINKING 2 white potions.
  1378 | D:3      | Identified the +1 whip of Disintegration {flame, Fly Str-4
                  | Int-5 SInv}
  1423 | D:3      | Found a faded altar of an unknown god.
  1434 | D:3      | 1434 ||| INVOKING Spit Poison.
  1452 | D:3      | 1452 ||| INVOKING Spit Poison.
  1548 | D:3      | 1548 ||| INVOKING Spit Poison.
  1622 | D:3      | 1622 ||| INVOKING Spit Poison.
  1628 | D:3      | 1628 ||| INVOKING Spit Poison.
  1633 | D:3      | 1633 ||| INVOKING Spit Poison.
  1634 | D:3      | Reached skill level 5 in Ranged Weapons
  1634 | D:3      | Reached XP level 4. HP: 30/39 MP: 4/4
  1636 | D:3      | HP: 7/39 [orc/+0 flail (7)]
  1637 | D:3      | Slain by an orc

Levels and vault maps discovered:
D:1:      evilmike_arrival_crescent, layout_loops_ring
D:2:      layout_loops_ring, kennysheep_crisscross
D:3:      minmay_spotlight, layout_loops_corners,
          shapermc_ecumenical_altar_rom_forum

Skill      XL: |  1  2  3 |
---------------+----------+-----
Ranged Weapons | 4 5 |  5.0
Fighting       | |  2.0
Dodging        | |  1.5
Stealth        | |  1.5

Action                     |  1- 3 |  4- 6 || total
---------------------------+-------+-------++-------
   Fire: Shortbow          |    69 |     4 ||    73
Ability: Spit Poison       |    29 |       ||    29
    Use: Scroll            |     4 |       ||     4
         Potion            |     2 |       ||     2
 Armour: Ring mail         |    13 |     3 ||    16
  Dodge: Dodged            |    22 |       ||    22

Table legend:
 A = Non-vault XP
 B = Vault XP
 C = Vault XP percentage of total XP
 D = Non-vault monster count
 E = Vault monster count
 F = Vault count percentage of total count
                 A         B        C        D         E       F
            +---------+---------+-------+---------+---------+-------
      Total |      82 |       0 |   0.0 |      35 |       0 |   0.0
            +---------+---------+-------+---------+---------+-------
        D:1 |      19 |       0 |   0.0 |      11 |       0 |   0.0
        D:2 |      39 |       0 |   0.0 |      15 |       0 |   0.0
        D:3 |      24 |       0 |   0.0 |       9 |       0 |   0.0
            +---------+---------+-------+---------+---------+-------
